AoeStats
← [Massa] Edo

Arena

506188038Analyzed
2v2 RM · 19d ago on Sep 12, 2026· 18m 19s· 4 players
Game mode
Random Map
Map size
Medium (4 player)
Population
200
Speed
Normal
Resources
Standard
Victory
Conquest
Starting age
Dark Age
Ending age
Imperial Age
RankedLock teamsTeams togetherTeam positionsShared explorationLock speedFull tech treeHidden civsTurbo modeCheats
Victory
Defeat
🇦🇷 Cumans · Argentina
1388
+19
🇦🇷 Romans · Argentina
1387
+19
🇧🇷 Britons · Brazil
1472
-20
🇺🇦 Saracens · Ukraine
1418
-18
[Massa] Edo
10:25 Feudal Age
11:38 Loom
14:22 Castle Age
12:57 Double-Bit Axe
13:37 Horse Collar
PRAY4UKRAINE613
10:22 Feudal Age
9:36 Loom
13:52 Castle Age
12:18 Horse Collar
12:57 Double-Bit Axe
CR7 SUIIII
7:27 Loom
10:16 Feudal Age
11:11 Double-Bit Axe
11:24 Man-at-Arms
14:20 Scale Mail Armor
El Fisura
5:54 Loom
9:34 Feudal Age
10:01 Double-Bit Axe
Connection lost

Rejoining the realm…

Still unreachable

The connection could not be restored.

Session expired

The server has moved on; the page needs a fresh start.